 Dungeon Crawl Stone Soup version 0.28.0-1-gb440e238dd (webtiles) character file.

Game seed: 5607875561460471237

6 Snicker the Sneak (level 1, -2/18 HPs)
             Began as a Demonspawn Delver on Feb 22, 2022.
             Slain by an ufetubus (4 damage)
             ... on level 5 of the Dungeon.
             The game lasted 00:00:52 (509 turns).

Snicker the Sneak (Demonspawn Delver)                Turns: 509, Time: 00:00:53

Health: -2/18      AC:  5    Str: 12    XL:     1   Next: 75%
Magic:  1/1        EV: 10    Int: 11    God:
Gold:   17         SH:  0    Dex: 14    Spells: 0/0 levels left

rFire   . . .      SeeInvis .   j - +0 rapier
rCold   . . .      Faith    .   (no shield)
rNeg    . . .      Spirit   .   k - +0 ring mail
rPois   .          Reflect  .   (no helmet)
rElec   .          Harm     .   (no cloak)
rCorr   .          Rampage  .   (no gloves)
Will    .....                   (no boots)
Stlth   ++........              (no amulet)
HPRegen 0.06/turn               (no ring)
MPRegen 0.07/turn               (no ring)

@: attractive
A: no striking features
a: no special abilities


You were on level 5 of the Dungeon.
You visited 1 branch of the dungeon, and saw 2 of its levels.

You collected 17 gold pieces.

Inventory:

Hand Weapons
 a - a +0 short sword
 j - a +0 rapier (weapon)
Armour
 b - a +0 leather armour
 k - a +0 ring mail (worn)
Wands
 g - a wand of digging (3)
Scrolls
 c - a scroll of fog
 d - a scroll of magic mapping
 e - a scroll of fear
 h - a scroll of immolation {unknown}
Potions
 f - a potion of haste


   Skills:
 + Level 3.0 Fighting
 * Level 2.0 Short Blades
 + Level 1.7 Dodging
 * Level 4.7 Stealth


You couldn't memorise any spells.
You didn't know any spells.
Your spell library was empty.

Dungeon Overview and Level Annotations

Branches:
Dungeon (6/15)
 Temple: D:4-7

Altars:


Message History

2 orcs come into view.
An orc priest comes into view. It is wielding a +0 hand axe.
Found a stone staircase leading up.
The orc shouts!
You see here a +0 club.
Found an escape hatch in the floor.
An ufetubus comes into view.
The ufetubus shouts!
You closely miss the ufetubus.
The ufetubus hits you but does no damage.
The ufetubus hits you.
You completely miss the ufetubus.
The ufetubus hits you but does no damage. x2
The orc hits you from afar with a +0 trident.
The ufetubus misses you. x2; The orc hits you but does no damage.
The ufetubus hits you but does no damage.
The ufetubus closely misses you.
You barely miss the ufetubus. The ufetubus closely misses you.
The ufetubus hits you but does no damage.
The orc barely misses you.
You hit the ufetubus.
The ufetubus is severely wounded.
The ufetubus closely misses you.
The ufetubus hits you but does no damage.
The ufetubus barely misses you.
The ufetubus hits you but does no damage.
The orc hits you from afar with a +0 trident.
* * * LOW HITPOINT WARNING * * *
Okay, then.
Unknown command.
It was a potion of cancellation.
You feel magically purged.
The ufetubus hits you but does no damage.
The ufetubus hits you.
* * * LOW HITPOINT WARNING * * *
The orc hits you from afar with a +0 trident.
* * * LOW HITPOINT WARNING * * *
It was a potion of attraction.
You feel attractive to monsters. The ufetubus hits you.
You die...

#######... ##.o##
#############
####...######........)...
#..>........o.###########
#####..####### ##.## .
#.o# .# ##5# #. #@# # ###


You could see an orc priest, an orc and an ufetubus.

Vanquished Creatures
  3 orcs
3 creatures vanquished.

Notes
Turn   | Place    | Note
-------+----------+-------------------------------------------
     0 | D:5      | Snicker the Demonspawn Delver began the quest for the Orb.
     0 | D:5      | Reached XP level 1. HP: 18/18 MP: 1/1
   104 | D:6      | Noticed an iguana
   106 | D:6      | Noticed an ice beast
   474 | D:5      | Noticed an orc priest
   509 | D:5      | Slain by an ufetubus

Illustrated notes

Levels and vault maps discovered:
D:5:      layout_rooms, serial_corexii_hall, chequers_hall_statues_y,
          corexii_hall_statues_u
D:6:      minmay_diamond_boxcup, layout_loops_ring, mainiacjoe_overflow_paths,
          minmay_temple_entry_slanted

Skill      XL: |  1 |
---------------+----+-----
Short Blades   | 2 |  2.0
Fighting       | |  3.0
Dodging        | |  1.7
Stealth        | |  4.7

Action                   || total
-------------------------++-------
Melee: Rapier            ||    18
  Use: Potion            ||     2
Armor: Ring mail         ||    15
Dodge: Dodged            ||    10
